[ AOE2 MATCH · #479479856 ]
UnrankedHuns vs Celts
Player's team · LOSS
[ REPLAY ANALYSIS · EXTRACTED FROM THE RECORDED GAME ]
Feudal
12:05
Castle
17:49
Imperial
34:56
| APM avg | 11.5 |
| APM peak | 38 |
| eAPM avg | 9.9 |
| Villagers / military | 143 / 483 |
Focus
⚔️ 36.2% · 🌾 63.8%
Tarkan ×479 · Trade Cart ×44 · Trebuchet (Packed) ×4
Feudal
12:14
Castle
21:23
Imperial
36:38
| APM avg | 16.6 |
| APM peak | 52 |
| eAPM avg | 12.0 |
| Villagers / military | 139 / 336 |
Focus
⚔️ 31.6% · 🌾 68.4%
Spearman ×231 · Mangonel ×80 · Trade Cart ×79 · Scorpion ×25
Feudal
—
Castle
—
Imperial
—
| APM avg | 17.3 |
| APM peak | 57 |
| eAPM avg | 10.4 |
| Villagers / military | 137 / 155 |
Focus
⚔️ 25.7% · 🌾 74.3%
Rattan Archer ×72 · Battle Elephant ×48 · Mangonel ×15 · Trade Cart ×14 · Spearman ×11 · Bombard Cannon ×9
Feudal
12:44
Castle
16:23
Imperial
33:27
| APM avg | 17.9 |
| APM peak | 39 |
| eAPM avg | 16.5 |
| Villagers / military | 307 / 555 |
Focus
⚔️ 34.6% · 🌾 65.4%
Spearman ×208 · Mangonel ×152 · Scorpion ×145 · Trade Cart ×94 · Battering Ram ×38 · Woad Raider ×7
Match map
Initial resources + every placement click. Lines = walls · curves = elevation contours. ◆ gold · ⬟ stone · ● berries · ✦ relic · ◌ wall gap
Inputs per minute
— Vaclav - - Kokotushar z Kokotharu
Build order — Vaclav
First 150 of 447 actions detected
| 0:01 | Create | Villager (Male) |
| 0:02 | Create | Villager (Male) |
| 0:02 | Create | Villager (Male) |
| 0:02 | Create | Villager (Male) |
| 0:02 | Create | Villager (Male) |
| 0:03 | Create | Villager (Male) |
| 0:03 | Create | Villager (Male) |
| 0:03 | Create | Villager (Male) |
| 1:54 | Create | Villager (Male) |
| 2:05 | Create | Villager (Male) |
| 2:25 | Create | Villager (Male) |
| 2:26 | Create | Villager (Male) |
| 2:26 | Create | Villager (Male) |
| 2:26 | Create | Villager (Male) |
| 2:27 | Create | Villager (Male) |
| 3:15 | Create | Villager (Male) |
| 3:15 | Create | Villager (Male) |
| 3:15 | Create | Villager (Male) |
| 3:43 | Create | Villager (Male) |
| 3:43 | Create | Villager (Male) |
| 4:25 | Create | Villager (Male) |
| 4:25 | Create | Villager (Male) |
| 4:25 | Create | Villager (Male) |
| 4:26 | Create | Villager (Male) |
| 5:00 | Create | Villager (Male) |
| 5:00 | Create | Villager (Male) |
| 5:01 | Create | Villager (Male) |
| 5:30 | Create | Villager (Male) |
| 5:31 | Create | Villager (Male) |
| 6:55 | Create | Villager (Male) |
| 6:56 | Create | Villager (Male) |
| 6:56 | Create | Villager (Male) |
| 7:12 | Build | Mill |
| 7:17 | Create | Villager (Male) |
| 8:57 | Build | Lumber Camp |
| 9:02 | Create | Villager (Male) |
| 9:07 | Create | Villager (Male) |
| 9:50 | Research | Feudal Age |
| 9:56 | Build | Farm |
| 9:57 | Build | Farm |
| 9:59 | Build | Farm |
| 10:01 | Build | Farm |
| 10:06 | Create | Villager (Male) |
| 10:06 | Create | Villager (Male) |
| 10:07 | Create | Villager (Male) |
| 11:03 | Create | Villager (Male) |
| 11:04 | Create | Villager (Male) |
| 11:04 | Create | Villager (Male) |
| 12:05 | Age | Feudal Age |
| 12:11 | Build | Blacksmith |
| 12:36 | Build | Market |
| 13:39 | Build | Farm |
| 13:40 | Build | Farm |
| 13:54 | Build | Market |
| 14:36 | Create | Villager (Male) |
| 14:58 | Build | Farm |
| 15:09 | Research | Castle Age |
| 16:29 | Create | Villager (Male) |
| 16:30 | Create | Villager (Male) |
| 16:49 | Build | Farm |
| 16:51 | Build | Farm |
| 16:52 | Build | Farm |
| 16:56 | Build | Farm |
| 16:57 | Build | Farm |
| 16:58 | Build | Farm |
| 17:49 | Age | Castle Age |
| 17:57 | Build | Town Center |
| 18:07 | Build | Town Center |
| 18:19 | Build | Town Center |
| 18:24 | Create | Villager (Male) |
| 18:24 | Create | Villager (Male) |
| 18:55 | Research | Horse Collar |
| 18:59 | Research | Double-Bit Axe |
| 19:51 | Create | Villager (Male) |
| 19:51 | Create | Villager (Male) |
| 20:33 | Create | Villager (Male) |
| 20:33 | Create | Villager (Male) |
| 20:33 | Create | Villager (Male) |
| 20:52 | Create | Villager (Male) |
| 20:52 | Create | Villager (Male) |
| 20:57 | Create | Villager (Male) |
| 20:57 | Create | Villager (Male) |
| 20:57 | Create | Villager (Male) |
| 20:59 | Create | Villager (Male) |
| 20:59 | Create | Villager (Male) |
| 21:00 | Create | Villager (Male) |
| 21:00 | Create | Villager (Male) |
| 21:00 | Create | Villager (Male) |
| 21:00 | Create | Villager (Male) |
| 21:01 | Create | Villager (Male) |
| 21:01 | Create | Villager (Male) |
| 21:01 | Create | Villager (Male) |
| 21:12 | Build | Farm |
| 21:13 | Build | Farm |
| 21:15 | Build | Farm |
| 21:16 | Build | Farm |
| 21:17 | Build | Farm |
| 21:22 | Create | Villager (Male) |
| 21:22 | Create | Villager (Male) |
| 21:51 | Research | Heavy Plow |
| 22:00 | Create | Villager (Male) |
| 22:09 | Create | Villager (Male) |
| 22:22 | Create | Villager (Male) |
| 22:31 | Create | Villager (Male) |
| 22:34 | Create | Villager (Male) |
| 22:59 | Build | Farm |
| 23:01 | Build | Farm |
| 23:02 | Build | Farm |
| 23:03 | Build | Farm |
| 23:04 | Build | Farm |
| 23:05 | Build | Farm |
| 23:06 | Build | Farm |
| 23:08 | Build | Farm |
| 23:09 | Build | Farm |
| 23:15 | Create | Villager (Male) |
| 23:16 | Create | Villager (Male) |
| 23:16 | Create | Villager (Male) |
| 23:16 | Create | Villager (Male) |
| 23:17 | Create | Villager (Male) |
| 23:22 | Create | Villager (Male) |
| 23:36 | Build | Market |
| 23:51 | Create | Villager (Male) |
| 23:51 | Create | Villager (Male) |
| 23:52 | Create | Villager (Male) |
| 23:52 | Create | Villager (Male) |
| 23:52 | Create | Villager (Male) |
| 24:03 | Build | Farm |
| 24:17 | Build | Farm |
| 24:25 | Create | Villager (Male) |
| 24:25 | Create | Villager (Male) |
| 24:25 | Create | Villager (Male) |
| 24:26 | Create | Villager (Male) |
| 24:26 | Create | Villager (Male) |
| 24:26 | Create | Villager (Male) |
| 24:54 | Create | Villager (Male) |
| 24:56 | Create | Villager (Male) |
| 24:57 | Create | Villager (Male) |
| 24:57 | Create | Villager (Male) |
| 24:57 | Create | Villager (Male) |
| 24:57 | Create | Villager (Male) |
| 24:58 | Create | Villager (Male) |
| 25:11 | Build | Barracks |
| 25:18 | Create | Villager (Male) |
| 25:19 | Create | Villager (Male) |
| 25:19 | Create | Villager (Male) |
| 25:19 | Create | Villager (Male) |
| 25:32 | Research | Bow Saw |
| 25:36 | Create | Villager (Male) |
| 25:41 | Create | Villager (Male) |
| 25:53 | Create | Villager (Male) |
Build order — Kokotushar z Kokotharu
First 150 of 459 actions detected
| 0:02 | Create | Villager (Male) |
| 0:02 | Create | Villager (Male) |
| 0:02 | Create | Villager (Male) |
| 0:03 | Create | Villager (Male) |
| 0:04 | Build | House |
| 0:05 | Build | House |
| 1:32 | Create | Villager (Male) |
| 1:49 | Create | Villager (Male) |
| 2:30 | Create | Villager (Male) |
| 2:37 | Build | Lumber Camp |
| 2:54 | Create | Villager (Male) |
| 3:21 | Create | Villager (Male) |
| 3:26 | Build | House |
| 3:32 | Create | Villager (Male) |
| 3:53 | Create | Villager (Male) |
| 4:17 | Create | Villager (Male) |
| 4:30 | Create | Villager (Male) |
| 5:03 | Create | Villager (Male) |
| 5:03 | Create | Villager (Male) |
| 6:00 | Build | Mill |
| 6:23 | Create | Villager (Male) |
| 6:28 | Research | Loom |
| 6:55 | Build | House |
| 7:14 | Create | Villager (Male) |
| 7:15 | Create | Villager (Male) |
| 7:19 | Create | Villager (Male) |
| 8:38 | Create | Villager (Male) |
| 9:20 | Build | House |
| 9:26 | Create | Villager (Male) |
| 10:04 | Research | Feudal Age |
| 10:17 | Build | Farm |
| 10:17 | Build | Farm |
| 10:18 | Build | Farm |
| 10:20 | Build | Farm |
| 11:07 | Build | Palisade Wall |
| 11:30 | Build | Mining Camp |
| 12:14 | Age | Feudal Age |
| 12:21 | Research | Horse Collar |
| 12:23 | Research | Double-Bit Axe |
| 12:27 | Create | Villager (Male) |
| 12:31 | Research | Wheelbarrow |
| 12:32 | Create | Villager (Male) |
| 12:35 | Create | Villager (Male) |
| 12:35 | Create | Villager (Male) |
| 12:56 | Build | Market |
| 12:59 | Build | Market |
| 13:29 | Build | Lumber Camp |
| 13:37 | Build | House |
| 13:47 | Build | House |
| 13:48 | Build | House |
| 13:53 | Build | House |
| 13:54 | Build | House |
| 13:55 | Build | House |
| 13:56 | Build | House |
| 13:57 | Build | House |
| 13:57 | Build | House |
| 13:58 | Build | House |
| 14:06 | Research | Wheelbarrow |
| 14:08 | Create | Villager (Male) |
| 14:10 | Create | Villager (Male) |
| 14:24 | Build | Building 800 |
| 14:45 | Research | Gold Mining |
| 14:59 | Build | Farm |
| 15:00 | Build | Farm |
| 15:01 | Build | Farm |
| 15:04 | Build | Farm |
| 15:05 | Build | Farm |
| 15:06 | Build | Farm |
| 15:07 | Build | Farm |
| 15:08 | Build | Farm |
| 15:39 | Build | Stone Wall |
| 15:51 | Create | Villager (Male) |
| 16:30 | Build | Blacksmith |
| 16:52 | Create | Villager (Male) |
| 16:53 | Create | Villager (Male) |
| 17:07 | Build | Farm |
| 17:29 | Build | Farm |
| 17:50 | Create | Villager (Male) |
| 17:51 | Create | Villager (Male) |
| 17:53 | Create | Villager (Male) |
| 18:43 | Research | Castle Age |
| 19:26 | Build | Barracks |
| 19:28 | Build | Barracks |
| 19:30 | Build | Barracks |
| 19:32 | Build | Barracks |
| 19:33 | Build | Barracks |
| 19:35 | Build | Barracks |
| 20:50 | Build | Farm |
| 20:51 | Build | Farm |
| 20:52 | Build | Farm |
| 21:03 | Build | House |
| 21:06 | Build | House |
| 21:11 | Build | Farm |
| 21:23 | Age | Castle Age |
| 21:25 | Create | Spearman |
| 21:27 | Research | Pikeman (upgrade) |
| 21:35 | Research | Hand Cart |
| 21:38 | Research | Bow Saw |
| 21:42 | Research | Heavy Plow |
| 21:55 | Build | Town Center |
| 22:18 | Create | Villager (Male) |
| 22:18 | Create | Villager (Male) |
| 22:18 | Create | Villager (Male) |
| 22:18 | Create | Villager (Male) |
| 22:19 | Create | Villager (Male) |
| 22:19 | Create | Villager (Male) |
| 22:19 | Create | Villager (Male) |
| 22:19 | Create | Villager (Male) |
| 22:20 | Create | Villager (Male) |
| 22:20 | Create | Villager (Male) |
| 22:39 | Build | Farm |
| 22:44 | Build | Farm |
| 23:04 | Build | Mining Camp |
| 23:08 | Research | Caravan |
| 23:27 | Research | Gold Shaft Mining |
| 24:50 | Create | Villager (Male) |
| 24:50 | Create | Villager (Male) |
| 24:50 | Create | Villager (Male) |
| 24:51 | Create | Villager (Male) |
| 24:51 | Create | Villager (Male) |
| 24:51 | Create | Villager (Male) |
| 24:51 | Create | Villager (Male) |
| 24:51 | Create | Villager (Male) |
| 24:52 | Create | Villager (Male) |
| 24:52 | Create | Villager (Male) |
| 24:52 | Create | Villager (Male) |
| 24:52 | Create | Villager (Male) |
| 25:28 | Create | Trade Cart |
| 25:31 | Create | Trade Cart |
| 25:56 | Research | Pikeman (upgrade) |
| 26:18 | Research | Stone Mining |
| 26:24 | Build | Town Center |
| 26:43 | Create | Trade Cart |
| 26:44 | Create | Trade Cart |
| 26:46 | Create | Trade Cart |
| 26:50 | Create | Trade Cart |
| 26:50 | Create | Trade Cart |
| 27:16 | Build | Siege Workshop |
| 27:23 | Build | Siege Workshop |
| 27:28 | Build | Siege Workshop |
| 27:34 | Build | Siege Workshop |
| 27:40 | Build | Siege Workshop |
| 27:49 | Create | Villager (Male) |
| 27:49 | Create | Villager (Male) |
| 27:49 | Create | Villager (Male) |
| 27:49 | Create | Villager (Male) |
| 27:50 | Create | Villager (Male) |
| 27:50 | Create | Villager (Male) |
| 27:50 | Create | Villager (Male) |
| 28:04 | Build | Farm |
Build order — Afrobeth8199
First 150 of 317 actions detected
| 0:23 | Build | House |
| 0:52 | Create | Villager (Male) |
| 0:54 | Create | Villager (Male) |
| 0:55 | Create | Villager (Male) |
| 0:55 | Create | Villager (Male) |
| 1:02 | Build | House |
| 1:24 | Build | House |
| 1:28 | Build | Lumber Camp |
| 2:14 | Create | Villager (Male) |
| 2:52 | Create | Villager (Male) |
| 3:10 | Create | Villager (Male) |
| 3:46 | Create | Villager (Male) |
| 4:17 | Create | Villager (Male) |
| 4:31 | Create | Villager (Male) |
| 5:00 | Create | Villager (Male) |
| 5:03 | Create | Villager (Male) |
| 5:38 | Create | Villager (Male) |
| 5:40 | Create | Villager (Male) |
| 5:43 | Create | Villager (Male) |
| 5:48 | Create | Villager (Male) |
| 7:29 | Build | Mill |
| 7:35 | Create | Villager (Male) |
| 7:44 | Build | House |
| 7:45 | Build | House |
| 7:54 | Research | Loom |
| 8:11 | Build | Mining Camp |
| 9:18 | Create | Villager (Male) |
| 9:19 | Create | Villager (Male) |
| 9:40 | Research | Feudal Age |
| 12:02 | Build | House |
| 12:04 | Build | House |
| 12:05 | Build | House |
| 12:12 | Build | House |
| 12:13 | Build | House |
| 12:16 | Build | House |
| 12:18 | Build | House |
| 12:19 | Build | House |
| 12:22 | Research | Wheelbarrow |
| 12:23 | Research | Horse Collar |
| 12:27 | Research | Double-Bit Axe |
| 12:29 | Research | Gold Mining |
| 12:43 | Build | Market |
| 12:59 | Build | Market |
| 13:25 | Build | Blacksmith |
| 13:45 | Create | Villager (Male) |
| 13:46 | Create | Villager (Male) |
| 13:48 | Create | Villager (Male) |
| 13:51 | Create | Villager (Male) |
| 13:51 | Create | Villager (Male) |
| 14:09 | Build | Mining Camp |
| 14:34 | Build | Farm |
| 14:38 | Build | Farm |
| 14:49 | Build | Farm |
| 14:51 | Build | Farm |
| 14:52 | Build | Farm |
| 14:58 | Research | Stone Mining |
| 15:00 | Research | Town Watch |
| 15:38 | Build | Farm |
| 16:23 | Create | Villager (Male) |
| 16:24 | Create | Villager (Male) |
| 16:25 | Create | Villager (Male) |
| 16:30 | Create | Villager (Male) |
| 16:30 | Create | Villager (Male) |
| 16:41 | Build | Farm |
| 16:48 | Build | Farm |
| 17:01 | Build | Farm |
| 17:07 | Build | Farm |
| 17:12 | Build | Farm |
| 17:34 | Build | House |
| 17:36 | Build | House |
| 17:37 | Build | House |
| 17:39 | Build | House |
| 17:40 | Build | House |
| 17:41 | Build | House |
| 17:56 | Create | Villager (Male) |
| 17:56 | Create | Villager (Male) |
| 18:13 | Build | Farm |
| 18:29 | Build | Farm |
| 18:38 | Build | Farm |
| 18:57 | Create | Trade Cart |
| 19:28 | Create | Villager (Male) |
| 19:31 | Research | Castle Age |
| 20:16 | Research | Fletching |
| 20:16 | Research | Padded Archer Armor |
| 20:28 | Build | Farm |
| 20:33 | Build | Farm |
| 20:36 | Build | Farm |
| 20:39 | Build | Farm |
| 20:41 | Build | Farm |
| 21:03 | Build | Farm |
| 22:19 | Research | Hand Cart |
| 22:21 | Research | Heavy Plow |
| 22:24 | Research | Bow Saw |
| 22:26 | Research | Stone Shaft Mining |
| 22:34 | Create | Villager (Male) ×5 |
| 23:25 | Build | Town Center |
| 23:33 | Build | Lumber Camp |
| 24:29 | Build | Town Center |
| 24:44 | Create | Villager (Male) |
| 25:29 | Build | Market |
| 25:41 | Create | Villager (Male) ×5 |
| 25:46 | Create | Villager (Male) ×5 |
| 26:05 | Create | Villager (Male) ×5 |
| 26:16 | Build | Farm |
| 26:30 | Research | Caravan |
| 26:42 | Build | Farm |
| 27:07 | Build | Farm |
| 27:14 | Build | Farm |
| 27:28 | Build | Farm |
| 27:35 | Build | Farm |
| 27:40 | Create | Villager (Male) |
| 27:41 | Create | Villager (Male) |
| 27:52 | Build | Farm |
| 28:00 | Build | Farm |
| 28:15 | Build | Farm |
| 28:21 | Create | Villager (Male) |
| 28:40 | Build | Castle |
| 28:53 | Research | Town Patrol |
| 28:56 | Create | Villager (Male) ×5 |
| 29:01 | Create | Villager (Male) ×5 |
| 29:11 | Create | Trade Cart ×5 |
| 29:23 | Build | Mining Camp |
| 29:30 | Create | Villager (Male) ×5 |
| 30:16 | Build | Barracks |
| 31:16 | Build | Farm |
| 31:22 | Build | Farm |
| 31:35 | Build | Farm |
| 31:50 | Build | Lumber Camp |
| 31:57 | Build | Farm |
| 32:11 | Create | Villager (Male) |
| 32:12 | Create | Villager (Male) |
| 32:13 | Create | Villager (Male) |
| 32:19 | Build | Archery Range |
| 32:20 | Build | Archery Range |
| 32:24 | Build | Archery Range |
| 32:49 | Create | Trade Cart |
| 32:51 | Create | Trade Cart |
| 32:52 | Create | Trade Cart |
| 33:09 | Build | Lumber Camp |
| 33:27 | Build | Siege Workshop |
| 33:37 | Research | Bodkin Arrow |
| 33:37 | Research | Leather Archer Armor |
| 33:37 | Research | Scale Barding Armor |
| 33:41 | Research | Imperial Age |
| 33:44 | Create | Villager (Male) |
| 33:44 | Create | Villager (Male) |
| 33:45 | Create | Villager (Male) |
| 34:02 | Create | Villager (Male) ×5 |
| 34:06 | Build | Mining Camp |
| 34:21 | Create | Mangonel |
Build order — Porvantes
First 150 of 530 actions detected
| 0:02 | Research | Loom |
| 0:03 | Create | Villager (Male) |
| 0:03 | Create | Villager (Male) |
| 0:03 | Create | Villager (Male) |
| 0:03 | Create | Villager (Male) |
| 0:12 | Build | House |
| 0:16 | Build | House |
| 2:08 | Create | Villager (Male) |
| 2:14 | Build | Lumber Camp |
| 2:38 | Create | Villager (Male) |
| 2:38 | Create | Villager (Male) |
| 2:38 | Create | Villager (Male) |
| 2:46 | Create | Villager (Male) |
| 2:46 | Create | Villager (Male) |
| 3:48 | Create | Villager (Male) |
| 3:49 | Create | Villager (Male) |
| 4:02 | Build | House |
| 4:37 | Create | Villager (Male) |
| 4:37 | Create | Villager (Male) |
| 4:45 | Build | House |
| 4:52 | Build | House |
| 5:11 | Build | Palisade Wall |
| 5:18 | Build | Mill |
| 5:34 | Create | Villager (Male) |
| 5:34 | Create | Villager (Male) |
| 5:34 | Create | Villager (Male) |
| 5:35 | Create | Villager (Male) |
| 5:56 | Build | Building 800 |
| 6:43 | Create | Villager (Male) |
| 6:43 | Create | Villager (Male) |
| 6:43 | Create | Villager (Male) |
| 6:43 | Create | Villager (Male) |
| 6:44 | Create | Villager (Male) |
| 6:44 | Create | Villager (Male) |
| 8:00 | Create | Villager (Male) |
| 8:37 | Build | Mining Camp |
| 8:49 | Build | Farm |
| 8:58 | Build | Farm |
| 9:09 | Build | Farm |
| 9:16 | Build | Mining Camp |
| 9:18 | Create | Villager (Male) |
| 9:33 | Create | Villager (Male) |
| 9:33 | Create | Villager (Male) |
| 10:14 | Research | Feudal Age |
| 10:49 | Create | Villager (Male) |
| 10:49 | Create | Villager (Male) |
| 11:05 | Build | House |
| 12:44 | Age | Feudal Age |
| 12:50 | Build | Market |
| 12:54 | Build | Blacksmith |
| 13:43 | Research | Castle Age |
| 14:03 | Research | Double-Bit Axe |
| 14:15 | Research | Horse Collar |
| 14:47 | Research | Gold Mining |
| 15:06 | Research | Stone Mining |
| 15:14 | Build | Farm |
| 15:15 | Build | Farm |
| 15:16 | Build | Farm |
| 15:17 | Build | Farm |
| 15:19 | Build | Farm |
| 15:23 | Build | Farm |
| 15:49 | Research | Wheelbarrow |
| 16:23 | Age | Castle Age |
| 16:36 | Build | Town Center |
| 16:43 | Create | Villager (Male) |
| 16:57 | Build | Town Center |
| 17:03 | Research | Bow Saw |
| 17:10 | Create | Villager (Male) |
| 17:15 | Research | Heavy Plow |
| 17:33 | Create | Villager (Male) |
| 17:55 | Create | Villager (Male) |
| 18:06 | Build | Monastery |
| 18:13 | Create | Villager (Male) |
| 18:26 | Create | Villager (Male) |
| 18:30 | Create | Villager (Male) |
| 18:37 | Build | Farm |
| 18:38 | Build | Farm |
| 18:47 | Create | Villager (Male) |
| 18:55 | Build | Farm |
| 18:59 | Create | Monk |
| 19:05 | Build | Farm |
| 19:09 | Build | Farm |
| 19:15 | Build | Farm |
| 19:26 | Build | Farm |
| 19:27 | Create | Villager (Male) ×2 |
| 19:28 | Create | Villager (Male) ×2 |
| 19:38 | Create | Villager (Male) |
| 19:39 | Create | Villager (Male) |
| 19:46 | Create | Villager (Male) |
| 20:11 | Create | Monk |
| 20:19 | Create | Villager (Male) ×3 |
| 20:34 | Build | Town Center |
| 20:35 | Create | Villager (Male) ×2 |
| 20:36 | Create | Villager (Male) ×2 |
| 20:58 | Build | House |
| 20:59 | Build | House |
| 21:09 | Create | Villager (Male) ×3 |
| 21:09 | Create | Villager (Male) ×3 |
| 21:36 | Research | Gold Shaft Mining |
| 22:04 | Create | Villager (Male) ×3 |
| 22:04 | Create | Villager (Male) ×3 |
| 22:04 | Create | Villager (Male) ×3 |
| 22:12 | Create | Villager (Male) |
| 22:13 | Create | Villager (Male) |
| 22:16 | Build | House |
| 22:17 | Build | House |
| 22:37 | Create | Villager (Male) ×3 |
| 22:37 | Create | Villager (Male) ×3 |
| 22:37 | Create | Villager (Male) ×3 |
| 22:53 | Build | Lumber Camp |
| 22:54 | Create | Villager (Male) ×2 |
| 22:54 | Create | Villager (Male) ×2 |
| 22:54 | Create | Villager (Male) ×2 |
| 23:07 | Build | Farm |
| 23:08 | Build | Farm |
| 23:08 | Build | Farm |
| 23:08 | Build | Farm |
| 23:09 | Build | Farm |
| 23:21 | Build | University |
| 23:22 | Create | Villager (Male) ×2 |
| 23:23 | Create | Villager (Male) ×2 |
| 23:41 | Create | Villager (Male) ×2 |
| 23:42 | Create | Villager (Male) ×2 |
| 23:46 | Create | Villager (Male) |
| 23:46 | Create | Villager (Male) |
| 24:04 | Build | Stone Wall |
| 24:07 | Build | Stone Wall |
| 24:09 | Create | Villager (Male) ×2 |
| 24:15 | Create | Villager (Male) |
| 24:18 | Build | House |
| 24:20 | Build | House |
| 24:23 | Build | House |
| 24:24 | Build | House |
| 24:25 | Build | House |
| 24:31 | Build | Market |
| 24:33 | Build | Market |
| 24:34 | Build | Market |
| 24:40 | Create | Villager (Male) ×4 |
| 24:40 | Create | Villager (Male) ×4 |
| 24:45 | Build | House |
| 24:47 | Build | House |
| 24:48 | Build | House |
| 24:49 | Build | House |
| 24:58 | Research | Treadmill Crane |
| 25:03 | Build | Farm |
| 25:05 | Create | Villager (Male) ×3 |
| 25:05 | Create | Villager (Male) ×3 |
| 25:17 | Build | Siege Workshop |
| 25:19 | Build | Siege Workshop |
| 25:20 | Build | Siege Workshop |
Match timeline
| 5:11 | Porvantes · wall_segment Palisade Wall x18 |
| 11:07 | Kokotushar z Kokotharu · wall_segment Palisade Wall x13 |
| 12:05 | Vaclav · age_up feudal |
| 12:14 | Kokotushar z Kokotharu · age_up feudal |
| 12:44 | Porvantes · age_up feudal |
| 13:42 | Porvantes · first_market_sell 100 stone |
| 15:39 | Kokotushar z Kokotharu · wall_segment Stone Wall x16 |
| 16:23 | Porvantes · age_up castle |
| 17:49 | Vaclav · age_up castle |
| 18:06 | Porvantes · first_building Monastery |
| 19:26 | Kokotushar z Kokotharu · first_building Barracks |
| 21:23 | Kokotushar z Kokotharu · age_up castle |
| 24:04 | Porvantes · wall_segment Stone Wall x29 |
| 24:07 | Porvantes · wall_segment Stone Wall x1 |
| 25:11 | Vaclav · first_building Barracks |
| 25:17 | Porvantes · first_building Siege Workshop |
| 27:16 | Kokotushar z Kokotharu · first_building Siege Workshop |
| 28:06 | Vaclav · first_building Castle |
| 28:40 | Afrobeth8199 · first_building Castle |
| 29:20 | Porvantes · first_building Castle |
| 30:16 | Afrobeth8199 · first_building Barracks |
| 31:23 | Vaclav · first_building Stable |
| 32:19 | Afrobeth8199 · first_building Archery Range |
| 33:03 | Afrobeth8199 · first_market_buy 100 wood |
| 33:27 | Afrobeth8199 · first_building Siege Workshop |
| 33:27 | Porvantes · age_up imperial |
| 34:39 | Porvantes · first_building Barracks |
| 34:56 | Vaclav · age_up imperial |
| 35:36 | Afrobeth8199 · first_building Stable |
| 36:38 | Kokotushar z Kokotharu · age_up imperial |
| 43:52 | Kokotushar z Kokotharu · first_building Castle |
| 47:40 | Porvantes · first_market_buy 500 stone |
| 54:18 | Vaclav · tribute_sent a jugador 2 |
| 54:18 | Vaclav · tribute_sent a jugador 3 |
| 54:18 | Vaclav · tribute_sent a jugador 4 |
| 61:07 | Kokotushar z Kokotharu · resign |
[ AI ANALYSIS · 1 CREDIT ]
What really happened in this match?
Wolo.gg analyzes every decision: build order, eco, micro, common mistakes by bracket. Personalized analysis on WhatsApp or Discord in 30 seconds.
Civ guide
Huns
Perfil
Jugador #4170913